 Dungeon Crawl Stone Soup version 0.29.1-13-g9f3cf754e1 (webtiles) character file.

Game seed: 8059028998677667563

7 shadowmeld the Magician (level 2, -2/21 HPs)
             Began as a Djinni Ice Elementalist on Feb 2, 2023.
             Slain by a kobold
             ... wielding a +2 dagger of venom
              (3 damage)
             ... on level 1 of the Dungeon.
             The game lasted 00:01:34 (116 turns).

shadowmeld the Magician (Djinni Ice Elementalist)    Turns: 116, Time: 00:01:34

Health: -2/21      AC:  2    Str:  7    XL:     2   Next: 5%
Gold:   29         EV: 12    Int: 16    God:
                   SH:  0    Dex: 13

rFire   + + .      SeeInvis .   (no weapon)
rCold   x . .      Faith    .   (no shield)
rNeg    . . .      Spirit   .   a - +0 robe
rPois   ∞          Reflect  .   (no helmet)
rElec   .          Harm     .   (no cloak)
rCorr   .          Rampage  .   (no gloves)
Will    .....                   (boots unavailable)
Stlth   ++........              (no amulet)
HPRegen 0.07/turn               (no ring)
MPRegen 0.00/turn               (no ring)

@: flying
A: sickness immunity, fire resistance 2, cold vulnerability 1, float, innate
caster, HP casting, extra vitality 1
a: no special abilities


You were on level 1 of the Dungeon.
You visited 1 branch of the dungeon, and saw 1 of its levels.

You collected 29 gold pieces.

Inventory:

Armour
 a - a +0 robe (worn)


   Skills:
 * Level 0.1 Fighting
 * Level 2.4 Dodging
 - Level 1.5 Stealth
 * Level 3.4 Spellcasting


You couldn't memorise any spells.
You knew the following spells:

 Your Spells              Type           Power      Damage    Failure   Level
a - Freeze                Ice            52%        1d7       4%          1
b - Frozen Ramparts       Ice            26%        1d4       13%         3
c - Ozocubu's Armour      Ice            13%        N/A       13%         3
d - Hailstorm             Conj/Ice       13%        3d5       41%         4
Your spell library was empty.

Dungeon Overview and Level Annotations

Branches:
Dungeon (1/15)

Altars:


Innate Abilities, Weirdness & Mutations

You are immune to sickness and miasma.
You are immune to poison.
Your flesh is very heat resistant. (rF++)
You are vulnerable to cold. (rC-)
You float through the air rather than walking.
You learn spells naturally, not from books.
Your magical power is your life essence.
You have superior vitality. (+4 MHP)


Message History

The jackal is heavily wounded.
The jackal closely misses you.
A ball python comes into view.
The jackal misses you.
You closely miss the jackal.
The jackal is heavily wounded.
The jackal closely misses you.
The ball python hisses angrily.
You hit the jackal.
The jackal is almost dead.
The jackal barely misses you. The jackal misses you.
You closely miss the jackal.
The jackal is almost dead.
The jackal barely misses you.
You hit the jackal.
You kill the jackal!
The ball python misses you. The ball python grabs you.
The ball python constricts you.
You have reached level 2!
You hit the ball python but do no damage.
The ball python completely misses you. The ball python constricts you.
You hit the ball python.
The ball python is moderately wounded.
The ball python bites you but does no damage.
The ball python constricts you.
You barely miss the ball python.
The ball python is moderately wounded.
The ball python closely misses you. The ball python constricts you.
You hit the ball python.
You kill the ball python!
You hit the kobold but do no damage. The kobold misses you.
You barely miss the kobold. The kobold hits you but does no damage.
You closely miss the kobold. The kobold closely misses you.
You hit the kobold but do no damage.
The kobold hits you with a +2 dagger of venom.
* * * LOW HITPOINT WARNING * * *
You hit the kobold.
The kobold is heavily wounded.
The kobold hits you with a +2 dagger of venom.
You die...

... .# #!#
#.### ...
....
###.##..#
..>....
###.#.#
#.....#
#.#K### #
#@# #.#
#.# #.#
#.#.# #.#
...# #.#
..# #.#
#.#### #.#
###+#.....
#.#
#.......#


You could see a kobold.

Vanquished Creatures
  4 jackals (D:1)
  A ball python (D:1)
  A bat (D:1)
6 creatures vanquished.

Notes
Turn   | Place    | Note
-------+----------+-------------------------------------------
     0 | D:1      | shadowmeld the Djinni Ice Elementalist began the quest for
                  | the Orb.
     0 | D:1      | shadowmeld set off with the following spells memorised:
                  | Freeze, Frozen Ramparts, Ozocubu's Armour, Hailstorm.
     0 | D:1      | Reached XP level 1. HP: 15/15 MP: 0/0
   108 | D:1      | Reached XP level 2. HP: 1/21 MP: 0/0
   115 | D:1      | HP: 1/21 [kobold/+2 dagger of venom (1)]
   116 | D:1      | Slain by a kobold

Illustrated notes

Levels and vault maps discovered:
D:1:      dpeg_arrival_pits, layout_basic

Action                   || total
-------------------------++-------
Melee: Unarmed           ||    18
 Cast: Freeze            ||     9
Armor: Robe              ||     5
Dodge: Dodged            ||    17
